 Seeded DCSS version 0.30-a0-718-geaa24f58ff (webtiles) character file.

Game seed: 5430720872467839093 (custom seed)

1404 valliere the Covert (level 8, -5/46 HPs)
             Began as a Vampire Necromancer on Jan 25, 2023.
             Was an Initiate of Dithmenos.
             Slain by Duvessa
             ... wielding a +2 short sword of holy wrath
              (8 damage)
             ... on level 5 of the Dungeon.
             The game lasted 00:21:16 (4464 turns).

valliere the Covert (Vampire Necromancer)           Turns: 4464, Time: 00:21:16

Health: -5/46      AC: 10    Str: 12 (13) XL:     8   Next: 42%
Magic:  11/13      EV: 15    Int: 21 (22) God:    Dithmenos [......]
Gold:   556        SH:  0    Dex: 25      Spells: 6/14 levels left

rFire   + . .      SeeInvis +    C - +3 short sword of the Manifold Quests {flame, rElec Int+5}
rCold   + + +      Faith    +    (no shield)
rNeg    + + +      Spirit   .    G - +2 robe of Binutifa {rPois Dex+5}
rPois   ∞          Reflect  .    (helmet restricted)
rElec   +          Harm     .    (no cloak)
rCorr   .          Rampage  .    o - +3 pair of gauntlets of War {Slay+5}
Will    .....                    (no boots)
Stlth   +++++++                  n - amulet "Teckip" {Faith Dex+3 SInv}
HPRegen 0.00/turn                l - +6 ring of strength
MPRegen 0.13/turn                p - ring of protection from cold

@: bloodless, inhibited regen, studying Fighting
A: bloodless, fangs 3, see invisible, vampiric 2, antennae 1, iridescent scales
1, deterioration 1, fire resistance 1
a: Bat Form, Revivify, Renounce Religion


You were on level 5 of the Dungeon.
You worshipped Dithmenos.
Dithmenos was noncommittal.
You visited 2 branches of the dungeon, and saw 6 of its levels.

You collected 1172 gold pieces.
You spent 616 gold pieces at shops.

Inventory:

Hand Weapons
 d - a +0 short sword
 C - the +3 short sword of the Manifold Quests (weapon) {flame, rElec Int+5}
   (You found it on level 3 of the Dungeon)

   Int:       It affects your intelligence (+5).
   rElec:     It insulates you from electricity.
Missiles
 y - a throwing net
 A - 5 poisoned darts
Armour
 a - a +0 robe
 e - a +0 ring mail
 o - the +3 pair of gauntlets of War (worn) {Slay+5}
   (You acquired it on level 2 of the Dungeon)

   Slay:      It affects your accuracy & damage with ranged weapons and melee
   (+5).
 w - a +0 leather armour
 G - the +2 robe of Binutifa (worn) {rPois Dex+5}
   (You found it on level 3 of the Dungeon)

   Dex:       It affects your dexterity (+5).
   rPois:     It protects you from poison.
Jewellery
 l - a +6 ring of strength (left hand)
 n - the amulet "Teckip" (around neck) {Faith Dex+3 SInv}
   (You acquired it on level 2 of the Dungeon)

   [amulet of faith]

   It allows you to gain divine favour quickly.
   Dex:       It affects your dexterity (+3).
   SInv:      It lets you see invisible.
 p - a ring of protection from cold (right hand)
Wands
 D - a wand of mindburst (22)
 H - a wand of roots (5)
Scrolls
 c - 3 scrolls of teleportation {unknown}
 f - 2 scrolls of torment
 g - 4 scrolls of amnesia
 j - 2 scrolls of noise {unknown}
 k - 5 scrolls of identify
 m - a scroll of brand weapon {unknown}
 q - a scroll of fog {unknown}
 r - a scroll of immolation {unknown}
 s - 4 scrolls of enchant armour
 t - a scroll of fear
 u - 2 scrolls of blinking
 v - a scroll of poison {unknown}
 z - a scroll of silence {unknown}
 I - a scroll of butterflies {unknown}
 K - 2 scrolls of magic mapping {unknown}
Potions
 b - 2 potions of magic
 h - 3 potions of attraction {unknown}
 i - 3 potions of curing
 x - a potion of degeneration {unknown}
 B - 2 potions of berserk rage {unknown}
 E - 2 potions of lignification {unknown}
 F - a potion of ambrosia {unknown}
 J - a potion of brilliance {unknown}


   Skills:
 + Level 3.0 Fighting
 + Level 3.6 Short Blades
 + Level 2.0 Armour
 + Level 4.6 Dodging
 * Level 8.5 Stealth
 + Level 3.9 Spellcasting
 + Level 5.9 Necromancy
 + Level 2.9 Invocations


You had 6 spell levels left.
You knew the following spells:

 Your Spells              Type           Power      Damage    Failure   Level
a - Necrotise             Necr           100%       1d9       1%          1
b - Dispel Undead         Necr           29%        3d13      11%         4
c - Vampiric Draining     Necr           29%        2d8       3%          3

Your spell library contained the following spells:

 Spells                   Type           Power      Damage    Failure   Level
 Kiss of Death            Conj/Necr      64%        2d10      3%          1
 Animate Dead             Necr           29%        N/A       11%         4
 Static Discharge         Conj/Air       8%         2-3/arc   19%         2
 Agony                    Necr           29%        N/A       28%         5
 Confusing Touch          Hex            4%         N/A       36%         3
 Vhi's Electric Charge    Tloc/Air       8%         N/A       36%         3
 Arcjolt                  Conj/Air       2%         1d12      98%         5
 Lightning Bolt           Conj/Air       2%         1d13      98%         5


Dungeon Overview and Level Annotations

Branches:
Dungeon (5/15)             Temple (1/1) D:4

Altars:
Cheibriados
Dithmenos
Hepliaklqana
Okawaru
Vehumet
Xom

Annotations:
D:4 1 runed translucent door, Bediveer's ghost, amateur BaHu
D:5 Dowan; Duvessa


Innate Abilities, Weirdness & Mutations

You do not regenerate when monsters are visible.
You are frail without blood (-20% HP).
You can heal yourself when you bite living creatures.
You are immune to poison.
You have razor-sharp teeth.
You have supernaturally acute eyesight. (SInv)
You are afflicted with vampirism and can become a bat while bloodless.
You have a pair of small antennae on your head.
You are partially covered in iridescent scales. (AC +2)
Your body sometimes deteriorates upon taking damage.
Your flesh is heat resistant. (rF+)


Message History

Duvessa writhes in agony!
You closely miss Duvessa.
Duvessa is moderately wounded.
Duvessa hits you with a +2 short sword of holy wrath!
Your body deteriorates!
You feel weakened.
You convulse.
Dowan's robes are whipped around by a magical breeze.
Dowan gestures wildly while chanting.
Dowan blinks!
You puncture Duvessa! You burn Duvessa. You bite Duvessa.
You draw Duvessa's blood!
You feel better.
Duvessa is almost dead.
Duvessa hits you with a +2 short sword of holy wrath.
You convulse.
You barely miss Duvessa.
Duvessa is severely wounded.
Duvessa zaps a wand.
The bolt of dispelling energy hits you!
Your body deteriorates!
You feel dopey.
You are too injured to fight recklessly!
You barely miss Duvessa.
Duvessa is severely wounded.
Duvessa hits you with a +2 short sword of holy wrath.
You convulse.
* * * LOW HITPOINT WARNING * * *
Duvessa hits you with a +2 short sword of holy wrath.
* * * LOW HITPOINT WARNING * * *
You convulse.
* * * LOW HITPOINT WARNING * * *
You hit Duvessa. You burn Duvessa.
Duvessa is almost dead.
Duvessa zaps a wand.
The bolt of dispelling energy misses you.
The now-empty wand crumbles to dust.
You hit Duvessa but do no damage.
Duvessa is almost dead.
Duvessa closely misses you.
You hit Duvessa but do no damage.
Duvessa is almost dead.
Duvessa hits you with a +2 short sword of holy wrath!
You die...

##############...####.###......
#.....+..#.......###
#.#...##.#..........
#.#####............#
#..............###.#
#.........##.#.###.#
#...................
#......##.##.###.###
####.#@#####.##.# #.# #.....e#
#.##.# #.. #.............#.#
#### #.......#######. #.....e.#
#.......# #.......# #........
####.#..#


You could see Duvessa (fast) and Dowan.

Vanquished Creatures
  A two-headed ogre (D:5)
  An ice beast (D:5)
  Blork the orc (D:4)
  2 scorpions
  A necrophage (D:2)
  2 orc priests
  A hound (D:5)
  2 iguanas
  4 orc wizards
  9 gnolls
  5 adders
  A white imp (D:4)
  An ufetubus (D:5)
  3 worms (D:4)
  A dart slug (D:4)
  5 orcs
  3 bats
  8 endoplasms
  3 giant cockroaches
  6 hobgoblins
  7 jackals
  6 kobolds
  5 quokkas
  8 ball pythons
  2 frilled lizards
  4 goblins
  3 rats
95 creatures vanquished.

Vanquished Creatures (collateral kills)
  A hobgoblin (D:2)
1 creature vanquished.

Grand Total: 96 creatures vanquished

Notes
Turn   | Place    | Note
-------+----------+-------------------------------------------
     0 | D:1      | valliere the Vampire Necromancer began the quest for the
                  | Orb.
     0 | D:1      | Reached XP level 1. HP: 13/13 MP: 3/3
    88 | D:1      | Gained mutation: Your body sometimes deteriorates upon
                  | taking damage. [potion of mutation]
    88 | D:1      | Gained mutation: You have a pair of small antennae on your
                  | head. [potion of mutation]
    88 | D:1      | Gained mutation: Your flesh is heat resistant. (rF+)
                  | [potion of mutation]
    88 | D:1      | Gained mutation: You are partially covered in iridescent
                  | scales. (AC +2) [potion of mutation]
   211 | D:1      | Reached XP level 2. HP: 19/19 MP: 1/5
  1179 | D:2      | Identified 3 scrolls of acquirement
  1216 | D:2      | Acquired 1000 gold pieces
  1218 | D:2      | Acquired the +3 pair of gauntlets of War {Slay+5}
  1218 | D:2      | Found the +3 pair of gauntlets of War {Slay+5}
  1225 | D:2      | Acquired the amulet "Teckip" {Faith Dex+3 SInv}
  1345 | D:2      | Noticed a necrophage
  1352 | D:2      | Killed a necrophage
  1353 | D:2      | Reached skill level 1 in Short Blades
  1353 | D:2      | Reached skill level 4 in Stealth
  1353 | D:2      | Gained mutation: You are afflicted with vampirism and can
                  | become a bat while bloodless. [Vampire growth]
  1353 | D:2      | Reached XP level 3. HP: 20/24 MP: 6/6
  1353 | D:2      | Reached XP level 4. HP: 25/30 MP: 7/7
  1451 | D:2      | Acquired a book of Touch
  1499 | D:2      | Learned a level 4 spell: Dispel Undead
  1578 | D:2      | Reached skill level 1 in Invocations
  1977 | D:2      | Found Doddoiw's Magic Scroll Shoppe.
  1985 | D:2      | Bought a scroll of torment for 133 gold pieces
  1985 | D:2      | Bought a scroll of identify for 28 gold pieces
  1985 | D:2      | Bought a scroll of enchant armour for 105 gold pieces
  1985 | D:2      | Bought a scroll of enchant armour for 105 gold pieces
  1985 | D:2      | Bought a scroll of identify for 28 gold pieces
  1985 | D:2      | Bought a scroll of fear for 56 gold pieces
  1985 | D:2      | Bought a scroll of amnesia for 56 gold pieces
  1985 | D:2      | Bought a scroll of blinking for 105 gold pieces
  2069 | D:3      | Found a faded altar of an unknown god.
  2262 | D:3      | Reached XP level 5. HP: 31/35 MP: 3/8
  2280 | D:3      | Reached skill level 5 in Stealth
  2296 | D:3      | Reached skill level 5 in Necromancy
  2424 | D:3      | Found an iron altar of Okawaru.
  2672 | D:2      | Reached XP level 6. HP: 15/32 MP: 4/10
  2818 | D:3      | Identified the +3 short sword of the Manifold Quests
                  | {flame, rElec Int+5}
  2825 | D:3      | Learned a level 3 spell: Vampiric Draining
  3009 | D:3      | Identified the +2 robe of Binutifa {rPois Dex+5}
  3472 | D:4      | Reached skill level 6 in Stealth
  3537 | D:4      | Found a runed translucent door.
  3538 | D:4      | Found a staircase to the Ecumenical Temple.
  3541 | D:4      | Noticed Bediveer's ghost (amateur BaHu)
  3550 | Temple   | Entered the Ecumenical Temple
  3583 | Temple   | Became a worshipper of Dithmenos the Shadowed
  3761 | D:4      | Noticed Blork the orc
  3770 | D:4      | Killed Blork the orc
  3771 | D:4      | Reached XP level 7. HP: 37/37 MP: 6/11
  3869 | D:4      | Reached skill level 1 in Armour
  4175 | D:5      | Entered Level 5 of the Dungeon
  4176 | D:5      | Noticed a two-headed ogre
  4182 | D:5      | Killed a two-headed ogre
  4183 | D:5      | Reached skill level 8 in Stealth
  4183 | D:5      | Reached XP level 8. HP: 43/45 MP: 11/13
  4451 | D:5      | Noticed Dowan
  4452 | D:5      | Noticed Duvessa
  4464 | D:5      | Slain by Duvessa

Illustrated notes

Levels and vault maps discovered:
D:1:      dpeg_arrival_boxes_within_box, layout_basic
D:2:      layout_loops_ring, serial_shops, shop, nicolae_kite_square_tiling_tiny
D:3:      layout_rooms, okawaru_metal_pillars_3, ebering_ecumenical_altar_rust
D:4:      layout_basic, minmay_temple_entry_overgrown, ebering_ghost_sewer_d,
          minmay_manual_monstrance, uniq_blork_the_orc
D:5:      layout_basic, uniq_duvessa
Temple:   oiseaux_autumnal_temple

Skill      XL: |  1  2  3  4  5  6  7  8 |
---------------+-------------------------+-----
Short Blades   | 1 2 3 |  3.6
Stealth        | 4 5 6 8 |  8.5
Dodging        | 3 4 |  4.6
Invocations    | 1 2 |  2.9
Necromancy     | 5 |  5.9
Spellcasting   | 3 |  3.9
Armour         | 1 2 |  2.0
Fighting       | 2 3 |  3.0

Action                     |  1- 3 |  4- 6 |  7- 9 || total
---------------------------+-------+-------+-------++-------
  Melee: Short sword       |    19 |    77 |    33 ||   129
         Bite              |     3 |     6 |     3 ||    12
         Punch             |       |     2 |       ||     2
   Cast: Necrotise         |    31 |    82 |    14 ||   127
Ability: Exsanguinate      |       |     1 |       ||     1
    Use: Potion            |     1 |       |       ||     1
         Scroll            |     3 |     2 |       ||     5
   Stab: Sleeping          |     4 |     6 |     4 ||    14
 Armour: Robe              |     5 |    19 |     7 ||    31
         Leather armour    |       |    21 |       ||    21
  Dodge: Dodged            |    12 |    82 |    26 ||   120

Table legend: (Time is in decaauts)
 A = Elapsed time spent in this place.
 B = Non-inter-level travel time spent in this place.
 C = Inter-level travel time spent in this place.
 D = Time resting spent in this place.
 E = Time spent auto-exploring this place.
 F = Levels seen in this place.
 G = Mean time per level.
                   A        B        C        D        E       F      G
               +--------+--------+--------+--------+--------+-----+--------+
         Total |   4449 |   4241 |    208 |     40 |   3491 |   6 |  741.5 |
       Dungeon |   4384 |   4200 |    184 |     40 |   3464 |   5 |  876.8 |
        Temple |     65 |     41 |     24 |      0 |     27 |   1 |   65.0 |
               +--------+--------+--------+--------+--------+-----+--------+

Top non-repeatable levels by time:
     D:1: 1149 daAuts
     D:4: 1042 daAuts
     D:2: 1016 daAuts
     D:3: 891 daAuts
     D:5: 284 daAuts
  Temple: 65 daAuts
